 Dungeon Crawl Stone Soup version 0.20.1-1-g8b1a95d (webtiles) character file.

471 Jannitor the Skirmisher (level 7, 0/83 HPs)
             Began as an Ogre Chaos Knight on Sept 3, 2017.
             Succumbed to Sigmund's poison
             ... on level 4 of the Dungeon.
             The game lasted 00:06:34 (4392 turns).

Jannitor the Skirmisher (Ogre Chaos Knight)         Turns: 4392, Time: 00:06:37

Health: 0/83       AC:  8    Str: 17    XL:     7   Next: 9%
Magic:  7/7        EV: 11    Int: 13    God:    Xom [*.....]
Gold:   30         SH: 15    Dex: 11    Spells: 6/6 levels left

rFire    . . .     SeeInvis .   w - +0 morningstar
rCold    . . .     Gourm    .   A - +0 large shield {AC+3}
rNeg     . . .     Faith    .   b - +2 robe
rPois    .         Spirit   .   (helmet restricted)
rElec    .         Reflect  .   (no cloak)
rCorr    .         Harm     .   (gloves unavailable)
MR       .....                  (boots unavailable)
Stlth    ++........             (no amulet)
Regen    0.3/turn               (no ring)
MPRegen  0.1/turn               (no ring)

@: agile, lethally poisoned (0 -> -1), berserk cooldown, drained
A: unfitting armour, large bone plates 1, clumsy 2, robust 1, tough skin 1
a: Renounce Religion


You were on level 4 of the Dungeon.
You worshipped Xom.
You were a special plaything of Xom.
You were near starving.

You visited 1 branch of the dungeon, and saw 5 of its levels.

You collected 191 gold pieces.
You spent 161 gold pieces at shops.

Inventory:

Hand Weapons
 a - a +0 mace of chaos
 w - a +0 morningstar (weapon)
Armour
 b - a +2 robe (worn)
 A - a +0 large shield of protection (worn)
Wands
 n - a wand of scattershot (6/9)
Scrolls
 d - 2 scrolls of noise {unknown}
 e - 3 scrolls of teleportation {unknown}
 f - 7 scrolls of remove curse {unknown}
 h - 5 scrolls of identify {unknown}
 j - a scroll of enchant armour {unknown}
 l - a scroll of random uselessness {unknown}
 t - a scroll of recharging {unknown}
 y - a scroll of fear {unknown}
Potions
 i - a potion of flight
 k - 4 potions of curing
 m - 2 potions of lignification
Comestibles
 c - 4 bread rations
 q - 3 fruits
 r - a meat ration
 u - a royal jelly


   Skills:
 + Level 6.6(6.3) Fighting
 + Level 4.4(4.1) Maces & Flails
 + Level 4.1(3.9) Dodging
 * Level 1.5(1.3) Shields


You had 6 spell levels left.
You didn't know any spells.

Dungeon Overview and Level Annotations

Branches:
Dungeon (5/15)             Temple (0/1) D:4

Altars:
Ashenzari
Kikubaaqudgha
Okawaru
Qazlal
Yredelemnul
Zin

Shops:
D:4 [

Annotations:
D:5 Sigmund


Innate Abilities, Weirdness & Mutations

You are too large for most types of armour.
You have tough skin. (AC +1)
You are partially covered in large bone plates. (SH +4)
You are very clumsy. (Dex -4)
You are robust. (+10% HP)


Message History

You block the hound's attack.
Unknown command.
You feel sick. You block the hound's attack. x2
Something hits you but does no damage. The hound bites you but does no damage.
The hound bites you.
* * * LOW HITPOINT WARNING * * *
You hear some strange, mumbled words.
Something tries to affect you, but you resist.
The hound closely misses you.
There is a stone staircase leading up, spattered with blood here.
Unknown command.
You block the hound's attack. Something hits you.
* * * LOW HITPOINT WARNING * * *
The hound bites you.
* * * LOW HITPOINT WARNING * * *
You climb upwards.
A worker ant comes into view.
You feel yourself speed up.
You die...
Xom bursts into laughter!

#.##.....###.# #.
#.#.......##.# #.
#.....>....#.# #.
#..♣.....♣.#.# ###.
#..........#.# #...
#....♣.♣.....#######.##
##.........#........[..
#.♣.....♣.#.#######.#.
#...a@h(..#.# #####.#.
##.......##.# #.......
##.....###.# #.###.#.
#######.#.###.# #.#.
#........###.#.
#.##......P....
#.######..P.... #.#
#.P>..#. #.# #P..PP#.


You could see a hound and a worker ant.

Vanquished Creatures
  An ice beast (D:5)
  The ghost of letownia the Insei, a weakling OpTm (D:4)
  A hound (D:5)
  A jelly (D:5)
  2 worker ants (D:4)
  A hound zombie (D:5)
  A hound skeleton (D:4)
  2 gnolls (D:3)
  6 adders
  An ooze (D:3)
  7 worms
  A dart slug (D:1)
  2 leopard geckos (D:1)
  10 orcs (D:3)
  3 ball pythons
  4 giant cockroaches
  6 goblins
  13 hobgoblins
  6 jackals
  2 quokkas
  5 bats
  4 frilled lizards
  9 kobolds
  6 rats
  A spectral orc (D:3)
96 creatures vanquished.

Notes
Turn   | Place    | Note
-------+----------+-------------------------------------------
     0 | D:1      | Jannitor the Ogre Chaos Knight began the quest for the Orb.
     0 | D:1      | Reached XP level 1. HP: 24/24 MP: 1/1
   128 | D:1      | Reached XP level 2. HP: 27/32 MP: 2/2
   181 | D:1      | XOM: harmless Fire miscast
   588 | D:1      | XOM: harmless Tloc miscast
   590 | D:1      | Reached XP level 3. HP: 36/40 MP: 3/3
   623 | D:1      | XOM is BORED!
   949 | D:2      | XOM: torment (22/41 hp)
   983 | D:2      | XOM: confusion
   987 | D:2      | XOM: confusion (+ monsters)
  1301 | D:2      | Found an iron altar of Okawaru.
  1310 | D:2      | XOM: give mutations
  1310 | D:2      | Gained mutation: You are partially covered in large bone plates. (SH +4) [Xom's grace]
  1310 | D:2      | Gained mutation: You are robust. (+10% HP) [Xom's grace]
  1462 | D:2      | Reached skill level 5 in Fighting
  1483 | D:2      | Reached XP level 4. HP: 48/55 MP: 4/4
  1771 | D:2      | XOM: 6-stop teleportation journey
  1915 | D:2      | Found a faded altar of an unknown god.
  1994 | D:2      | XOM: stat loss: -1 Str (15/16)
  2551 | D:3      | Reached XP level 5. HP: 61/62 MP: 5/5
  2701 | D:3      | Found a shattered altar of Ashenzari.
  2701 | D:3      | Found a stormy altar of Qazlal.
  2773 | D:3      | XOM: 2-stop teleportation journey
  2826 | D:3      | Found a glowing silver altar of Zin.
  2948 | D:3      | Found a basalt altar of Yredelemnul.
  3115 | D:3      | XOM: mild Necr miscast
  3278 | D:3      | XOM: medium Ice miscast
  3395 | D:4      | Noticed letownia's ghost (weakling OpTm)
  3403 | D:4      | Killed letownia's ghost
  3407 | D:4      | Reached XP level 6. HP: 73/73 MP: 6/6
  3421 | D:4      | Reached skill level 6 in Fighting
  3519 | D:4      | Found a staircase to the Ecumenical Temple.
  3556 | D:4      | XOM: 1-stop teleportation journey
  3678 | D:4      | XOM: medium Ice miscast
  3722 | D:4      | Found Soiliph's Armour Emporium.
  3728 | D:4      | Bought a +0 large shield of protection for 161 gold pieces
  3834 | D:4      | XOM: give mutations
  3834 | D:4      | Gained mutation: You are clumsy. (Dex -2) [Xom's mischief]
  3834 | D:4      | Gained mutation: You are very clumsy. (Dex -4) [Xom's mischief]
  3957 | D:5      | Entered Level 5 of the Dungeon
  3960 | D:5      | XOM: harmless Tloc miscast
  4104 | D:5      | Noticed an ice beast
  4135 | D:5      | Killed an ice beast
  4135 | D:5      | Reached skill level 1 in Shields
  4135 | D:5      | Reached XP level 7. HP: 52/83 MP: 7/7
  4314 | D:5      | Noticed Sigmund
  4315 | D:5      | Found an ancient bone altar of Kikubaaqudgha.
  4315 | D:5      | XOM: 8-stop teleportation journey
  4334 | D:5      | XOM: chaos upgrade
  4366 | D:5      | Paralysed by Sigmund for 6 turns
  4391 | D:5      | HP: 4/83 [something (2)]
  4391 | D:5      | HP: 1/83 [hound (3)]
  4392 | D:4      | Succumbed to Sigmund's poison

Skill      XL: |  1  2  3  4  5  6 |
---------------+-------------------+-----
Maces & Flails | 3 4 |  4.4
Fighting       | 5 6 |  6.6
Dodging        | 3 4 |  4.1
Shields        | 1 |  1.5

Action                   |  1- 3 |  4- 6 |  7- 9 || total
-------------------------+-------+-------+-------++-------
Melee: Mace              |    97 |   207 |       ||   304
       Morningstar       |       |    65 |    27 ||    92
  Use: Potion            |       |       |     9 ||     9
 Stab: Paralysed         |     1 |     1 |       ||     2
       Confused          |     1 |       |       ||     1
  Eat: Chunk             |     1 |     9 |       ||    10
Armor: Robe              |    47 |    99 |    11 ||   157
       Skin              |       |       |    55 ||    55
Dodge: Dodged            |    84 |   135 |    13 ||   232
Block: Other             |       |    34 |       ||    34
       Large shield      |       |    53 |    26 ||    79
